General information
- name: BNet
- type: Ladder team game (AT/RT)
- host: Battle.net
- saver: iggy_the_fisk
map: SilverpineForest
- players: 6
- length: 738:36
- speed: Fast
- version: 1.21 W3XP
- replay type:

» download(1627 KB)
Players
team 1 (winner)
m00gulthesly (
green | 10 APM | 7384 actions | 718:46)
7 Shadow Hunter
3 Hex
3 Healing Wave
1 Big Bad Voodoo
7 Tauren Chieftain
3 Endurance Aura
3 War Stomp
1 Reincarnation
» actions
| Assign group hotkey | 76 | |
| Basic commands | 422 | |
| Build / train | 123 | |
| ESC pressed | 4 | |
| Enter build submenu | 48 | |
| Enter hero's abilities submenu | 15 | |
| Give item / drop item | 10 | |
| Remove unit from queue | 3 | |
| Right click | 2827 | |
| Select / deselect | 870 | |
| Select group hotkey | 2627 | |
| Use ability | 358 | |
7384 total
» units
| Peon | 20 | |
| Grunt | 6 | |
| Raider | 1 | |
| Troll Batrider | 30 | |
| Demolisher | 16 | |
| Troll Witch Doctor | 3 | |
| Goblin Zeppelin | 3 | |
79 total
» upgrades
| Berserker Strength | 1 | |
| Ensnare | 1 | |
| Reinforced Defenses | 1 | |
| Liquid Fire | 1 | |
| Spiked Barricades | 1 | |
| Burning Oil | 1 | |
| Ranged Weapons | 1 | |
| Pillage | 1 | |
8 total
» buildings
| Altar of Storms | 1 | |
| Orc Burrow | 7 | |
| Barracks | 2 | |
| Stronghold | 1 | |
| Voodoo Lounge | 2 | |
| Beastiary | 3 | |
| War Mill | 1 | |
| Watch Tower | 25 | |
| Great Hall | 3 | |
| Fortress | 1 | |
| Spirit Lodge | 1 | |
47 total
» build order
00:12 Altar of Storms
00:20 Orc Burrow
00:38 Barracks
01:32 Orc Burrow
03:25 Stronghold
03:43 Orc Burrow
03:52 Voodoo Lounge
05:25 Orc Burrow
05:53 Beastiary
07:45 Beastiary
08:31 War Mill
09:57 Watch Tower
11:22 Great Hall
12:07 Watch Tower
12:11 Watch Tower
12:34 Watch Tower
14:04 Watch Tower
14:25 Fortress
15:53 Beastiary
17:12 Watch Tower
18:24 Watch Tower
19:04 Watch Tower
20:10 Orc Burrow
20:18 Watch Tower
21:25 Watch Tower
21:52 Barracks
22:29 Spirit Lodge
24:06 Orc Burrow
27:09 Watch Tower
27:27 Watch Tower
28:39 Watch Tower
29:33 Voodoo Lounge
30:09 Watch Tower
31:13 Watch Tower
34:20 Great Hall
35:27 Watch Tower
35:28 Watch Tower
35:28 Watch Tower
35:31 Watch Tower
36:39 Great Hall
36:43 Watch Tower
36:44 Watch Tower
36:45 Watch Tower
36:48 Watch Tower
38:01 Watch Tower
38:04 Watch Tower
52:06 Orc Burrow
» items
| Healing Salve | 3 | |
| Lesser Clarity Potion | 4 | |
| Scroll of Speed | 2 | |
| Scroll of Town Portal | 1 | |
| Scroll of Healing | 2 | |
| Potion of Lesser Invulnerability | 1 | |
| Staff of Teleportation | 1 | |
14 total
ThCemeteryGates (
pink | 11 APM | 8199 actions | 738:27)
9 Demon Hunter
3 Mana Burn
3 Evasion
1 Metamorphosis
2 Immolation
8 Naga Sea Witch
3 Frost Arrows
3 Forked Lightning
1 Tornado
1 Mana Shield
» actions
| Assign group hotkey | 59 | |
| Basic commands | 265 | |
| Build / train | 145 | |
| ESC pressed | 6 | |
| Enter build submenu | 82 | |
| Enter hero's abilities submenu | 20 | |
| Give item / drop item | 18 | |
| Right click | 4436 | |
| Select / deselect | 1620 | |
| Select group hotkey | 1119 | |
| Use ability | 428 | |
8199 total
» units
| Wisp | 56 | |
| Archer | 6 | |
| Chimaera | 25 | |
| Goblin Zeppelin | 3 | |
90 total
» upgrades
| Improved Bows | 1 | |
| Strength of the Wild | 3 | |
| Corrosive Breath | 1 | |
| Reinforced Hides | 2 | |
| Ultravision | 1 | |
| Strength of the Moon | 1 | |
| Nature's Blessing | 1 | |
10 total
» buildings
| Altar of Elders | 3 | |
| Moon Well | 14 | |
| Ancient of War | 2 | |
| Tree of Ages | 3 | |
| Hunter's Hall | 3 | |
| Ancient of Wonders | 7 | |
| Tree of Eternity | 1 | |
| Ancient of Wind | 1 | |
| Chimaera Roost | 3 | |
| Tree of Life | 5 | |
| Ancient Protector | 33 | |
75 total
» build order
00:05 Altar of Elders
00:18 Moon Well
00:31 Ancient of War
01:23 Moon Well
02:45 Tree of Ages
03:24 Moon Well
04:18 Hunter's Hall
04:19 Moon Well
04:23 Ancient of Wonders
05:14 Tree of Eternity
05:31 Ancient of Wonders
05:33 Ancient of Wind
07:38 Chimaera Roost
07:42 Chimaera Roost
08:12 Tree of Life
08:16 Chimaera Roost
10:10 Moon Well
11:56 Ancient Protector
12:00 Ancient Protector
12:02 Ancient Protector
12:11 Ancient Protector
15:06 Ancient Protector
15:16 Moon Well
17:37 Ancient of Wonders
17:39 Ancient Protector
23:34 Moon Well
26:35 Tree of Life
27:04 Ancient Protector
27:08 Ancient Protector
27:09 Ancient Protector
27:29 Ancient Protector
27:31 Ancient Protector
27:41 Ancient Protector
28:10 Ancient Protector
28:35 Ancient Protector
30:03 Tree of Life
30:24 Ancient Protector
30:25 Ancient Protector
30:46 Ancient Protector
32:13 Tree of Life
32:17 Ancient Protector
32:20 Ancient Protector
32:23 Ancient Protector
32:24 Ancient Protector
32:27 Ancient Protector
34:45 Ancient Protector
35:22 Tree of Life
35:23 Ancient Protector
35:27 Ancient Protector
36:12 Ancient Protector
36:14 Ancient Protector
39:07 Tree of Ages
39:13 Ancient of War
40:04 Moon Well
40:16 Moon Well
41:25 Moon Well
41:34 Hunter's Hall
42:11 Hunter's Hall
42:55 Moon Well
42:57 Tree of Ages
42:58 Moon Well
43:11 Altar of Elders
43:23 Altar of Elders
43:37 Ancient of Wonders
43:50 Ancient of Wonders
43:52 Ancient of Wonders
44:19 Ancient of Wonders
45:05 Ancient Protector
46:39 Ancient Protector
46:40 Ancient Protector
46:43 Ancient Protector
46:44 Ancient Protector
46:45 Ancient Protector
49:31 Moon Well
50:25 Moon Well
» items
| Orb of Darkness | 2 | |
| Staff of Preservation | 2 | |
| Potion of Healing | 1 | |
| Potion of Lesser Invulnerability | 2 | |
| Scroll of Speed | 1 | |
| Lesser Clarity Potion | 2 | |
| Healing Salve | 1 | |
| Scroll of Town Portal | 1 | |
| Potion of Mana | 1 | |
| Boots of Speed | 2 | |
| Staff of Teleportation | 1 | |
16 total
Woah (
orange | 51 APM | 6564 actions | 128:17)
6 Archmage
3 Summon Water Elemental
2 Brilliance Aura
1 Mass Teleport
5 Mountain King
3 Storm Bolt
2 Bash
3 Paladin
2 Holy Light
1 Divine Shield
» actions
| Assign group hotkey | 139 | |
| Basic commands | 593 | |
| Build / train | 110 | |
| ESC pressed | 1 | |
| Enter build submenu | 27 | |
| Enter hero's abilities submenu | 14 | |
| Give item / drop item | 5 | |
| Remove unit from queue | 7 | |
| Right click | 2691 | |
| Select / deselect | 1131 | |
| Select group hotkey | 1641 | |
| Use ability | 203 | |
6564 total
» units
| Peasant | 21 | |
| Footman | 7 | |
| Rifleman | 1 | |
| Gryphon Rider | 1 | |
| Dragonhawk Rider | 8 | |
| Siege Engine | 25 | |
| Mortar Team | -1 | |
| Flying Machine | 4 | |
66 total
» upgrades
| Cloud | 1 | |
| Lumber Harvesting | 2 | |
| Barrage | 1 | |
| Plating | 3 | |
| Swords | 0 | |
| Gunpowder | 1 | |
| Flying Machine Bombs | 1 | |
| Flak Cannons | 1 | |
10 total
» buildings
| Altar of Kings | 1 | |
| Barracks | 1 | |
| Farm | 13 | |
| Arcane Vault | 1 | |
| Keep | 1 | |
| Blacksmith | 1 | |
| Lumber Mill | 1 | |
| Castle | 1 | |
| Gryphon Aviary | 2 | |
| Town Hall | 2 | |
| Workshop | 4 | |
28 total
» build order
00:12 Altar of Kings
00:22 Barracks
00:36 Farm
00:51 Farm
01:45 Farm
02:21 Arcane Vault
02:50 Farm
03:46 Keep
04:48 Blacksmith
05:25 Lumber Mill
06:11 Castle
06:25 Farm
06:52 Gryphon Aviary
06:55 Gryphon Aviary
07:21 Town Hall
09:15 Farm
10:53 Farm
12:20 Farm
12:24 Farm
14:08 Workshop
14:53 Workshop
14:56 Workshop
15:51 Workshop
16:23 Farm
19:11 Farm
22:00 Farm
22:02 Farm
30:28 Town Hall
» items
| Scroll of Regeneration | 2 | |
| Staff of Teleportation | 1 | |
3 total
team 2 (loser)

»
dirtmcwordup (
teal | 65 APM | 4783 actions | 73:12)
5 Blood Mage
3 Flame Strike
2 Siphon Mana
4 Archmage
2 Blizzard
2 Brilliance Aura
» actions
| Assign group hotkey | 27 | |
| Basic commands | 161 | |
| Build / train | 159 | |
| ESC pressed | 1 | |
| Enter build submenu | 97 | |
| Enter hero's abilities submenu | 9 | |
| Give item / drop item | 8 | |
| Remove unit from queue | 1 | |
| Right click | 2168 | |
| Select / deselect | 563 | |
| Select group hotkey | 1204 | |
| Use ability | 385 | |
4783 total
» units
| Peasant | 30 | |
| Dragonhawk Rider | 24 | |
| Goblin Zeppelin | 1 | |
| Priest | 3 | |
58 total
» upgrades
| Masonry | 3 | |
| Lumber Harvesting | 2 | |
| Magic Sentry | 1 | |
| Animal War Training | 1 | |
| Armor | 3 | |
| Swords | 3 | |
| Cloud | 1 | |
| Priest Training | 2 | |
16 total
» buildings
| Altar of Kings | 1 | |
| Farm | 14 | |
| Lumber Mill | 2 | |
| Scout Tower | 99 | |
| Arcane Tower | 2 | |
| Guard Tower | 49 | |
| Keep | 1 | |
| Town Hall | 2 | |
| Arcane Vault | 1 | |
| Arcane Sanctum | 1 | |
| Gryphon Aviary | 4 | |
| Blacksmith | 1 | |
| Barracks | 1 | |
| Castle | 1 | |
179 total
» build order
00:06 Altar of Kings
00:10 Farm
00:31 Lumber Mill
00:50 Scout Tower
01:06 Farm
01:24 Arcane Tower
01:59 Scout Tower
02:14 Scout Tower
02:25 Guard Tower
02:44 Guard Tower
02:49 Scout Tower
03:10 Scout Tower
03:13 Scout Tower
03:25 Guard Tower
04:13 Guard Tower
05:11 Scout Tower
05:12 Scout Tower
05:14 Scout Tower
05:14 Scout Tower
05:21 Farm
05:24 Scout Tower
05:25 Scout Tower
06:03 Keep
06:29 Town Hall
06:36 Guard Tower
06:41 Scout Tower
06:43 Scout Tower
06:44 Guard Tower
07:11 Guard Tower
07:12 Guard Tower
07:21 Guard Tower
07:36 Guard Tower
07:48 Guard Tower
07:50 Scout Tower
08:04 Arcane Vault
08:09 Scout Tower
08:11 Scout Tower
08:12 Scout Tower
08:14 Scout Tower
08:16 Scout Tower
08:55 Guard Tower
09:04 Scout Tower
09:13 Guard Tower
09:19 Guard Tower
09:25 Scout Tower
09:37 Guard Tower
09:39 Scout Tower
09:40 Scout Tower
09:41 Scout Tower
09:43 Scout Tower
09:43 Scout Tower
10:01 Guard Tower
10:18 Arcane Sanctum
10:26 Guard Tower
10:32 Scout Tower
10:46 Guard Tower
10:46 Guard Tower
11:07 Guard Tower
11:10 Scout Tower
11:11 Scout Tower
11:11 Scout Tower
11:12 Scout Tower
11:13 Scout Tower
11:13 Scout Tower
11:45 Guard Tower
12:24 Gryphon Aviary
12:26 Gryphon Aviary
12:28 Blacksmith
12:30 Barracks
12:39 Castle
13:11 Guard Tower
13:41 Gryphon Aviary
13:42 Gryphon Aviary
14:09 Guard Tower
15:02 Scout Tower
15:02 Scout Tower
15:04 Scout Tower
15:05 Scout Tower
15:06 Scout Tower
15:08 Scout Tower
15:08 Scout Tower
15:10 Scout Tower
15:10 Scout Tower
15:12 Scout Tower
15:12 Scout Tower
15:13 Scout Tower
15:13 Scout Tower
15:14 Scout Tower
15:15 Scout Tower
15:40 Guard Tower
15:50 Guard Tower
15:55 Scout Tower
15:55 Scout Tower
16:02 Farm
16:02 Farm
16:03 Farm
16:11 Scout Tower
16:11 Scout Tower
16:12 Scout Tower
16:13 Guard Tower
16:21 Guard Tower
17:20 Guard Tower
17:37 Guard Tower
18:34 Scout Tower
18:37 Scout Tower
18:41 Scout Tower
18:44 Scout Tower
18:46 Scout Tower
18:48 Scout Tower
18:51 Scout Tower
19:40 Guard Tower
19:55 Scout Tower
19:56 Scout Tower
20:04 Guard Tower
20:32 Guard Tower
21:05 Guard Tower
21:07 Scout Tower
21:08 Scout Tower
21:13 Guard Tower
21:13 Guard Tower
21:57 Guard Tower
23:05 Guard Tower
24:03 Guard Tower
24:06 Farm
24:06 Farm
24:07 Farm
24:08 Farm
24:08 Farm
24:09 Farm
29:48 Farm
29:49 Farm
29:58 Town Hall
30:15 Scout Tower
30:16 Scout Tower
30:18 Scout Tower
30:19 Scout Tower
33:21 Guard Tower
33:24 Scout Tower
33:25 Scout Tower
34:06 Guard Tower
39:24 Scout Tower
39:24 Scout Tower
39:26 Scout Tower
39:27 Scout Tower
39:28 Scout Tower
41:34 Scout Tower
41:42 Guard Tower
41:45 Scout Tower
42:14 Guard Tower
42:42 Scout Tower
42:43 Scout Tower
42:45 Scout Tower
42:46 Scout Tower
44:06 Scout Tower
44:07 Scout Tower
44:26 Guard Tower
44:28 Scout Tower
44:59 Scout Tower
45:01 Scout Tower
45:02 Scout Tower
45:04 Guard Tower
45:06 Scout Tower
45:07 Scout Tower
45:08 Scout Tower
45:08 Scout Tower
45:09 Scout Tower
45:12 Scout Tower
45:12 Scout Tower
45:16 Guard Tower
45:20 Scout Tower
45:46 Guard Tower
45:53 Guard Tower
46:19 Scout Tower
46:20 Scout Tower
46:21 Scout Tower
46:27 Guard Tower
48:06 Arcane Tower
48:12 Lumber Mill
51:18 Guard Tower
» items
| Staff of Teleportation | 2 | |
| Boots of Speed | 2 | |
| Scroll of Regeneration | 3 | |
| Potion of Healing | 2 | |
| Scroll of Healing | 2 | |
| Staff of Sanctuary | 2 | |
| Scroll of Town Portal | 3 | |
| Orb of Lightning | 2 | |
| Amulet of Spell Shield | 1 | |
| Legion Doom-Horn | 1 | |
20 total
iggy_the_fisk (
blue | 18 APM | 13001 actions | 738:36)
6 Archmage
3 Blizzard
2 Brilliance Aura
1 Mass Teleport
6 Blood Mage
3 Flame Strike
2 Siphon Mana
1 Summon Phoenix
» actions
| Assign group hotkey | 198 | |
| Basic commands | 15 | |
| Build / train | 170 | |
| Enter build submenu | 115 | |
| Enter hero's abilities submenu | 13 | |
| Give item / drop item | 8 | |
| Right click | 5498 | |
| Select / deselect | 1305 | |
| Select group hotkey | 4663 | |
| Use ability | 1015 | |
13001 total
» units
| Peasant | 41 | |
| Dragonhawk Rider | 21 | |
62 total
» upgrades
| Masonry | 3 | |
| Lumber Harvesting | 2 | |
| Magic Sentry | 1 | |
| Animal War Training | 1 | |
| Swords | 3 | |
| Armor | 3 | |
| Cloud | 1 | |
14 total
» buildings
| Altar of Kings | 1 | |
| Lumber Mill | 1 | |
| Farm | 8 | |
| Scout Tower | 92 | |
| Guard Tower | 49 | |
| Arcane Vault | 1 | |
| Keep | 1 | |
| Town Hall | 1 | |
| Gryphon Aviary | 1 | |
| Barracks | 1 | |
| Blacksmith | 1 | |
| Castle | 1 | |
| Arcane Sanctum | 1 | |
| Workshop | 1 | |
| Cannon Tower | 1 | |
| Arcane Tower | 1 | |
162 total
» build order
00:04 Altar of Kings
00:19 Lumber Mill
00:34 Farm
01:13 Farm
01:25 Scout Tower
01:36 Scout Tower
01:43 Scout Tower
02:03 Guard Tower
02:05 Arcane Vault
02:25 Guard Tower
02:26 Scout Tower
02:28 Scout Tower
02:31 Scout Tower
03:01 Guard Tower
03:04 Scout Tower
03:17 Scout Tower
03:31 Scout Tower
03:32 Guard Tower
03:33 Scout Tower
03:43 Scout Tower
03:45 Scout Tower
05:08 Guard Tower
05:57 Guard Tower
05:59 Scout Tower
06:33 Guard Tower
06:41 Scout Tower
06:42 Scout Tower
07:08 Scout Tower
07:10 Scout Tower
07:11 Scout Tower
07:12 Guard Tower
07:36 Guard Tower
07:39 Scout Tower
07:40 Scout Tower
08:10 Guard Tower
08:11 Keep
08:45 Guard Tower
08:47 Scout Tower
08:48 Scout Tower
09:37 Guard Tower
09:38 Scout Tower
09:39 Scout Tower
09:42 Scout Tower
09:43 Scout Tower
10:15 Guard Tower
10:17 Guard Tower
10:25 Scout Tower
10:30 Guard Tower
10:39 Town Hall
10:46 Scout Tower
10:53 Farm
10:54 Farm
10:56 Guard Tower
10:58 Guard Tower
11:01 Scout Tower
11:25 Guard Tower
11:27 Scout Tower
11:31 Guard Tower
11:32 Scout Tower
11:54 Scout Tower
12:02 Guard Tower
12:15 Guard Tower
12:17 Scout Tower
12:18 Scout Tower
12:19 Scout Tower
12:20 Scout Tower
12:23 Guard Tower
12:31 Gryphon Aviary
12:34 Barracks
12:38 Blacksmith
12:48 Guard Tower
13:57 Castle
14:11 Scout Tower
14:11 Scout Tower
14:43 Guard Tower
15:00 Arcane Sanctum
15:08 Guard Tower
15:10 Scout Tower
15:10 Scout Tower
16:08 Guard Tower
16:27 Scout Tower
16:31 Scout Tower
16:56 Guard Tower
16:58 Scout Tower
16:59 Scout Tower
17:02 Scout Tower
17:10 Guard Tower
17:32 Guard Tower
17:42 Guard Tower
17:48 Scout Tower
17:56 Guard Tower
18:20 Scout Tower
18:21 Scout Tower
18:23 Guard Tower
19:01 Farm
19:02 Farm
19:13 Guard Tower
19:19 Scout Tower
19:53 Guard Tower
19:56 Scout Tower
19:57 Scout Tower
21:18 Guard Tower
21:20 Scout Tower
21:21 Scout Tower
22:17 Guard Tower
22:24 Scout Tower
23:04 Guard Tower
23:50 Scout Tower
24:07 Scout Tower
24:08 Scout Tower
24:11 Scout Tower
24:12 Scout Tower
24:41 Guard Tower
24:51 Scout Tower
25:04 Scout Tower
25:05 Scout Tower
25:07 Scout Tower
25:09 Scout Tower
25:12 Scout Tower
25:29 Guard Tower
25:37 Guard Tower
26:07 Guard Tower
26:23 Scout Tower
26:24 Scout Tower
27:23 Scout Tower
27:24 Scout Tower
27:27 Guard Tower
27:30 Scout Tower
27:51 Guard Tower
27:52 Scout Tower
28:22 Guard Tower
29:07 Farm
29:07 Farm
29:18 Scout Tower
29:19 Scout Tower
29:20 Scout Tower
29:22 Scout Tower
29:23 Workshop
29:26 Scout Tower
29:54 Guard Tower
29:55 Scout Tower
29:58 Scout Tower
29:59 Scout Tower
30:00 Scout Tower
30:02 Scout Tower
30:37 Cannon Tower
30:38 Scout Tower
30:49 Scout Tower
30:50 Scout Tower
31:20 Guard Tower
32:17 Scout Tower
32:28 Scout Tower
32:30 Scout Tower
32:31 Scout Tower
32:38 Scout Tower
33:02 Guard Tower
33:07 Scout Tower
33:10 Guard Tower
33:11 Scout Tower
34:16 Guard Tower
36:57 Scout Tower
37:29 Arcane Tower
» items
| Scroll of Regeneration | 11 | |
| Lesser Clarity Potion | 2 | |
| Scroll of Town Portal | 4 | |
| Staff of Sanctuary | 2 | |
| Staff of Teleportation | 2 | |
| Boots of Speed | 2 | |
| Potion of Healing | 1 | |
| Orb of Lightning | 1 | |
25 total
Mata. (
yellow | 15 APM | 11125 actions | 738:27)
10 Blademaster
3 Wind Walk
3 Critical Strike
1 Bladestorm
3 Mirror Image
1 Archmage
1 Blizzard
» actions
| Assign group hotkey | 1581 | |
| Basic commands | 14 | |
| Build / train | 138 | |
| Enter build submenu | 97 | |
| Enter hero's abilities submenu | 12 | |
| Give item / drop item | 18 | |
| Remove unit from queue | 2 | |
| Right click | 6595 | |
| Select / deselect | 1436 | |
| Select group hotkey | 375 | |
| Use ability | 852 | |
11125 total
» units
| Peon | 22 | |
| Troll Batrider | 33 | |
| Raider | 3 | |
| Wind Rider | 11 | |
| Kodo Beast | -1 | |
68 total
» upgrades
| Reinforced Defenses | 1 | |
| Spiked Barricades | 1 | |
| Liquid Fire | 1 | |
| Ranged Weapons | 3 | |
| Armor | 3 | |
| Ensnare | 1 | |
| Envenomed Spears | 1 | |
| War Drums Damage Increase | 1 | |
12 total
» buildings
| Altar of Storms | 3 | |
| Orc Burrow | 24 | |
| War Mill | 1 | |
| Watch Tower | 46 | |
| Voodoo Lounge | 1 | |
| Great Hall | 1 | |
| Stronghold | 2 | |
| Fortress | 1 | |
| Beastiary | 4 | |
83 total
» build order
00:06 Altar of Storms
00:17 Orc Burrow
00:48 War Mill
02:00 Watch Tower
02:01 Watch Tower
02:41 Orc Burrow
03:08 Voodoo Lounge
03:39 Watch Tower
04:14 Watch Tower
04:45 Watch Tower
04:47 Watch Tower
05:09 Great Hall
05:28 Watch Tower
06:16 Watch Tower
06:17 Watch Tower
06:22 Watch Tower
06:27 Watch Tower
06:28 Watch Tower
06:34 Stronghold
07:17 Watch Tower
07:19 Watch Tower
07:23 Watch Tower
07:26 Watch Tower
07:42 Watch Tower
09:07 Fortress
09:14 Beastiary
09:16 Beastiary
11:37 Orc Burrow
11:54 Watch Tower
11:55 Watch Tower
12:14 Watch Tower
12:15 Watch Tower
12:28 Watch Tower
12:29 Watch Tower
12:30 Watch Tower
13:29 Watch Tower
13:29 Watch Tower
15:51 Watch Tower
15:52 Watch Tower
17:11 Watch Tower
17:12 Watch Tower
17:13 Watch Tower
18:21 Watch Tower
18:22 Watch Tower
20:08 Watch Tower
20:08 Watch Tower
20:12 Watch Tower
20:13 Watch Tower
20:14 Watch Tower
20:15 Watch Tower
20:16 Watch Tower
20:18 Watch Tower
22:01 Watch Tower
22:02 Watch Tower
22:03 Watch Tower
22:04 Watch Tower
22:05 Watch Tower
36:44 Orc Burrow
36:45 Orc Burrow
36:46 Orc Burrow
36:46 Orc Burrow
36:47 Orc Burrow
38:55 Beastiary
38:57 Beastiary
40:13 Orc Burrow
40:13 Orc Burrow
40:21 Orc Burrow
40:22 Orc Burrow
40:23 Orc Burrow
41:24 Orc Burrow
41:25 Orc Burrow
41:27 Orc Burrow
43:40 Orc Burrow
43:41 Orc Burrow
67:58 Altar of Storms
69:00 Orc Burrow
69:02 Orc Burrow
69:06 Orc Burrow
69:09 Orc Burrow
69:11 Orc Burrow
69:14 Orc Burrow
76:04 Altar of Storms
» items
| Healing Salve | 5 | |
| Lesser Clarity Potion | 6 | |
| Staff of Teleportation | 2 | |
| Scroll of Town Portal | 6 | |
| Potion of Healing | 2 | |
| Potion of Mana | 3 | |
| Orb of Lightning | 1 | |
| Ancient Janggo of Endurance | 1 | |
| Amulet of Spell Shield | 1 | |
| Scroll of Regeneration | 2 | |
| Claws of Attack +12 | 1 | |
30 total
Chat log
(00:13 / Allies) dirtmcwordup: dickes and buttes
(00:28 / Allies) Mata.: i would out-sly this guy
(00:31 / Allies) Mata.: but i'm getting shockwave prob
(00:34 / Allies) Mata.: need anti siege
(00:41 / Allies) dirtmcwordup: we got 2x hu
(00:43 / Allies) dirtmcwordup: but yepr.
(00:52 / Allies) Mata.: oh well if both of you get aoe
(00:53 / Allies) Mata.: i'll blade
(00:56 / Allies) Mata.: good to have some anti hero
(01:02 / Allies) dirtmcwordup: yeah ima get blood first
(01:04 / Allies) dirtmcwordup: then archm
(01:17 / Allies) Mata.: as an orc not having enough anti siege can be deva stating
(01:22 / Allies) dirtmcwordup: y
(01:22 / Allies) dirtmcwordup: a
(01:36 / Allies) Mata.: lmormo
(01:37 / Allies) dirtmcwordup: pwned and owned!!!!!!!
(01:39 / Allies) dirtmcwordup: owned
(01:40 / Allies) dirtmcwordup: x
(01:41 / Allies) dirtmcwordup: 100
(01:42 / Allies) Mata.: up by treeline
(01:47 / Allies) Mata.: you can build far out
(02:08 / Allies) dirtmcwordup: this my fav starting loc
(02:09 / Allies) dirtmcwordup: so easy
(02:30 / Allies) Mata.: my fav startign loc inside ur momma
(02:34 / Allies) dirtmcwordup: heyyyy
(02:35 / Allies) Mata.: is also very easy
(02:49 / Allies) iggy_the_fisk: juked
(03:34 / Allies) dirtmcwordup: ill staff in a sec
(03:35 / Allies) dirtmcwordup: call to arms
(04:08 / Allies) Mata.: you niggs got any lum?
(04:50 / Allies) Mata.: any lum tho?
(04:55 / Allies) Mata.: is for expo u see
(04:56 / All) Woah: When some one levels off your workers
(04:59 / Allies) Mata.: ty.
(05:03 / All) Woah: its a burning feeling
(05:06 / All) dirtmcwordup: nice tp fat noobie muaahahhaaha
(05:11 / All) ThCemeteryGates: FAT
(05:12 / All) ThCemeteryGates: AHAHAHAHAH
(06:08 / Allies) Mata.: dh, seawitch
(06:10 / Allies) dirtmcwordup: need some lum back
(06:11 / Allies) dirtmcwordup: if poss
(06:56 / Allies) dirtmcwordup: own some arch
(07:54 / Allies) Mata.: lets own some bitchs
(07:58 / All) dirtmcwordup: lmfao!
(08:00 / Allies) Mata.: or get owned whatever
(08:52 / Allies) dirtmcwordup: guy trying to be gosu
(09:30 / Allies) Mata.: take pleaze
(09:42 / Allies) Mata.: damb
(09:48 / Allies) Mata.: dambbb
(09:51 / Allies) iggy_the_fisk: guy denied me too
(10:28 / Allies) dirtmcwordup: do we gotte batte
(10:35 / Allies) Mata.: sure
(10:47 / Allies) Mata.: no air on them though except batsd
(11:32 / Allies) Mata.: got crystal ball and ring+4
(11:42 / Allies) dirtmcwordup: was that you
(11:43 / Allies) dirtmcwordup: or em
(11:45 / Allies) Mata.: me
(11:46 / Allies) dirtmcwordup: them
(11:47 / Allies) dirtmcwordup: ok
(11:51 / Allies) Mata.: they got warsongs and something else
(12:11 / Allies) iggy_the_fisk: gold
(12:45 / Allies) Mata.: sending buttes
(12:48 / Allies) Mata.: shit
(12:58 / Allies) Mata.: gonna be faster if i tp when hero is out
(13:04 / Allies) Mata.: but not really many towers
(13:23 / Allies) Mata.: i'm heading down
(13:44 / Allies) Mata.: ok hawk taken care of
(14:40 / Allies) Mata.: build some towers yo
(14:50 / Allies) Mata.: perfect play?
(15:22 / Allies) dirtmcwordup: lum
(16:27 / Allies) Mata.: a nigg will be with u shortly
(17:11 / Allies) dirtmcwordup: lum
(17:24 / All) Mata.: When someone pwns u hard... is it a burning feeling..
(17:27 / Allies) Mata.: who wants some shitty items
(17:47 / All) Woah: Yes, but im not dead
(17:52 / Allies) dirtmcwordup: this guy
(17:53 / All) Mata.: u will be..
(17:55 / Allies) dirtmcwordup: losing all abt
(17:56 / Allies) Mata.: heroes there?
(17:57 / Allies) dirtmcwordup: lmfao
(17:59 / Allies) Mata.: nm
(18:02 / Allies) Mata.: thought they were rallying
(18:49 / Allies) Mata.: yo timg or someone
(18:52 / Allies) Mata.: i'm going to drop off some items on u
(18:58 / Allies) dirtmcwordup: hmm ok
(19:02 / Allies) dirtmcwordup: i got gloves
(19:03 / Allies) dirtmcwordup: you want
(19:05 / Allies) Mata.: yes
(19:14 / Allies) Mata.: there
(19:27 / Allies) iggy_the_fisk: man how'd i get level 3
(19:28 / Allies) Mata.: ball that
(19:31 / Allies) iggy_the_fisk: goodt o have bats again
(19:33 / Allies) dirtmcwordup: gone
(19:35 / Allies) Mata.: taking it out
(19:57 / Allies) Mata.: lez get ready
(20:15 / Allies) dirtmcwordup: this will die
(20:16 / Allies) dirtmcwordup: so
(20:17 / Allies) dirtmcwordup: mega
(20:17 / Allies) dirtmcwordup: fast
(20:29 / Allies) dirtmcwordup: ops
(20:36 / Allies) Mata.: so will this noob
(21:11 / Allies) iggy_the_fisk: he just suicided the cloudhawks
(21:30 / Allies) Mata.: okay
(21:42 / Allies) dirtmcwordup: out
(21:50 / Allies) dirtmcwordup: fly over
(21:51 / Allies) dirtmcwordup: i buy zep
(21:53 / Allies) dirtmcwordup: and prep da prch
(22:17 / Allies) Mata.: they
(22:21 / Allies) Mata.: getting pults
(22:29 / Allies) dirtmcwordup: mines close to out
(22:34 / Allies) dirtmcwordup: by the time they done we up and ready
(22:45 / Allies) dirtmcwordup: getting 2 worker
(22:48 / Allies) Mata.: tay
(23:03 / Allies) Mata.: ball that
(23:16 / Allies) dirtmcwordup: heroes dead 1 sec
(23:47 / Allies) dirtmcwordup: taking 2 work
(24:23 / Allies) dirtmcwordup: hitting a spo
(25:55 / Allies) Mata.: gay
(26:04 / Allies) Mata.: i think my spell amulet procs on cold arrow
(26:40 / Allies) Mata.: bstoring
(27:10 / Allies) Mata.: that's some nigger siht
(27:44 / Allies) dirtmcwordup: missed
(27:44 / Allies) dirtmcwordup: fuck
(28:03 / Allies) Mata.: ball that please
(28:16 / Allies) Mata.: way to go fag
(29:37 / Allies) dirtmcwordup: this is good
(29:41 / Allies) dirtmcwordup: gives them some mone
(29:42 / Allies) dirtmcwordup: y
(30:00 / Allies) Mata.: their mines far from otu
(30:09 / Allies) dirtmcwordup: do we want orc tower
(30:10 / Allies) dirtmcwordup: or hu tower
(30:12 / Allies) dirtmcwordup: prob hu def
(30:15 / Allies) Mata.: yea
(30:50 / Allies) dirtmcwordup: kill some wells
(30:51 / Allies) dirtmcwordup: or something
(30:55 / Allies) Mata.: dh is camping
(31:07 / Allies) Mata.: nm
(31:22 / Allies) dirtmcwordup: hitting roange expo
(31:31 / Allies) Mata.: well i killed a main ago but sure
(33:00 / Allies) dirtmcwordup: orage crippled
(33:02 / Allies) dirtmcwordup: kiled mad worker
(33:08 / Allies) Mata.: graet news
(33:11 / Allies) Mata.: spell shammy there
(33:16 / Allies) dirtmcwordup: buying
(33:40 / Allies) Mata.: main relapsing
(33:43 / Allies) dirtmcwordup: do we need ball
(33:45 / Allies) dirtmcwordup: nope gonna sell
(33:47 / Allies) dirtmcwordup: got arcane
(34:04 / Allies) Mata.: GETTING SOme raider topside
(35:14 / Allies) dirtmcwordup: build any tech up here deemed neccesary
(35:41 / Allies) dirtmcwordup: gonna get some priest topside
(36:28 / Allies) Mata.: relieving pink of his base
(36:35 / Allies) dirtmcwordup: stealing he gold
(36:38 / Allies) Mata.: also nice
(36:59 / Allies) Mata.: going into a littel upkeep
(37:03 / Allies) dirtmcwordup: lmfao!
(37:40 / Allies) Mata.: he has no roosts
(37:43 / Allies) Mata.: so he can't do anything with the gold for a while
(37:56 / Allies) Mata.: damn
(37:57 / Allies) Mata.: cyclone
(37:59 / Allies) Mata.: aka da perchkilla
(38:10 / Allies) dirtmcwordup: thaz bad
(38:16 / Allies) Mata.: ya thazz bad..
(38:23 / All) ThCemeteryGates: DAMN SON
(38:28 / All) ThCemeteryGates: feel that sting?
(38:36 / All) ThCemeteryGates: thats pride fucking with you
(38:44 / Allies) iggy_the_fisk: that's some gay quote
(38:45 / Allies) Mata.: haha
(38:47 / Allies) iggy_the_fisk: from what
(38:49 / All) Woah: u know how david cries?
(38:51 / Allies) dirtmcwordup: ive taken like
(38:53 / Allies) dirtmcwordup: i dont know
(38:57 / Allies) dirtmcwordup: maybe close to 700g
(39:00 / All) Woah: HE GOES GEEEEEEEEEEEEEEEEEEEEEE
(39:11 / Allies) Mata.: do we have lumber?
(39:15 / Allies) Mata.: my base is going and i don't have much
(39:17 / Allies) dirtmcwordup: i got 3500
(39:20 / Allies) Mata.: good enough i guess
(39:31 / Allies) dirtmcwordup: lmfao
(39:33 / Allies) iggy_the_fisk: goin
(39:33 / Allies) dirtmcwordup: he cant mine it
(39:40 / Allies) dirtmcwordup: dont
(39:41 / Allies) dirtmcwordup: no
(39:43 / Allies) dirtmcwordup: noooooo
(39:46 / Allies) dirtmcwordup: too late
(39:47 / Allies) dirtmcwordup: kill it
(39:59 / Allies) dirtmcwordup: gtfo
(40:07 / All) dirtmcwordup: feel that?
(40:15 / All) dirtmcwordup: feels like your mine weighs about 2000 less gold muahaha
(40:52 / All) ThCemeteryGates: nie towers
(40:53 / All) ThCemeteryGates: so pretty
(41:01 / Allies) Mata.: defend as long as possible
(41:03 / Allies) Mata.: i gotta crank more air
(41:05 / All) Woah: U MAKE ME SMILE
(41:08 / All) Woah: PLEASE STAY FOR A WHILE
(41:21 / All) dirtmcwordup: if u really want
(41:22 / All) Mata.: yea we will
(41:32 / Allies) dirtmcwordup: put air in corner please
(41:58 / Allies) iggy_the_fisk: lmao
(42:06 / Allies) dirtmcwordup: going up
(42:51 / Allies) Mata.: they losing herose like nuts
(42:59 / Allies) iggy_the_fisk: yeah they stopped controlling
(43:10 / Allies) dirtmcwordup: move peon wherever
(43:16 / Allies) dirtmcwordup: here is zep
(43:36 / Allies) Mata.: focus a hero and blade will finish
(44:11 / All) ThCemeteryGates: well
(44:13 / All) ThCemeteryGates: i guess thats it
(44:14 / All) ThCemeteryGates: gg
(44:18 / All) Mata.: gg
(44:28 / All) m00gulthesly: why such a gay strat?
(44:41 / Allies) iggy_the_fisk: double whammy come on
(44:41 / All) dirtmcwordup: lmfao!
(44:45 / All) dirtmcwordup: dh too!?!?!?yes!
(44:47 / Allies) iggy_the_fisk: nooes
(44:49 / All) dirtmcwordup: muahaha
(44:55 / Allies) Mata.: what was that
(44:57 / Allies) Mata.: i walked
(45:01 / All) ThCemeteryGates: i have 4000 i feel good when i get to spend it
(45:08 / Allies) Mata.: haha
(45:11 / All) iggy_the_fisk: I know
(45:13 / All) iggy_the_fisk: give it to green
(45:16 / All) iggy_the_fisk: so he can run catas into towers
(45:30 / All) m00gulthesly: nice funny
(45:33 / Allies) dirtmcwordup: 4000
(45:43 / Allies) dirtmcwordup: im done with army ad basically done with towers and i got 7k
(45:47 / Allies) Mata.: do you have
(45:49 / All) m00gulthesly: too bad u lost to someone that has no micro
(45:51 / Allies) Mata.: reveal towers?
(45:59 / Allies) dirtmcwordup: there is one
(46:03 / Allies) iggy_the_fisk: mine
(46:04 / Allies) Mata.: ayght
(46:06 / Allies) dirtmcwordup: ill make some in Tech Valley
(46:13 / All) Woah: I OWN A FUCKING CAR LOT
(46:15 / All) Woah: LOOK AT ME
(46:17 / Allies) Mata.: i think maybe we should place raiders there
(46:39 / Allies) iggy_the_fisk: he tavresed naga
(46:42 / Allies) dirtmcwordup: hotkey zeppeli and reveal towers imo
(46:44 / All) Woah: DO U FEEL THAT BURNING FEELING NOW?
(46:48 / All) Woah: LIKE... WOW GUYS WE SO HAD IT
(46:51 / Allies) Mata.: lool
(46:52 / All) Woah: WHAT HAPPENED?
(46:54 / Allies) Mata.: i love it when they do this
(46:55 / Allies) iggy_the_fisk: yea
(46:58 / Allies) dirtmcwordup: i dont
(47:02 / Allies) dirtmcwordup: then t hey cant make air
(47:03 / All) iggy_the_fisk: stop plz...
(47:06 / Allies) Mata.: these guys weren't that bad
(47:07 / All) Woah: IT WAS UR FAULT
(47:08 / Allies) dirtmcwordup: these guys talking absurd amount of shit though
(47:09 / All) Woah: NO IT WAS URS
(47:13 / All) Woah: SHIT UP IT WAS URS
(47:14 / Allies) dirtmcwordup: are you kiddig
(47:14 / Allies) Mata.: it makes it okay
(47:17 / All) Woah: NO U DIDNT MICRO
(47:20 / Allies) dirtmcwordup: i killed greens expo at hu like 3 times
(47:24 / Allies) dirtmcwordup: and entire time was mining gold
(47:27 / All) Woah: LOOK AT MY TRAINS
(47:32 / All) Woah: LOOK AT HOW THEY SHOOT
(47:34 / Allies) Mata.: they staffed heroes well and microed that stuff
(47:38 / All) Woah: awww its so cute
(47:39 / Allies) iggy_the_fisk: how many ultis they got gdang
(47:41 / All) ThCemeteryGates: just leave
(47:47 / All) dirtmcwordup: gg guys i submit to u but can u not talk trash, u win fair and square but its not nice its not manner...
(47:56 / Allies) dirtmcwordup: so guy can staff a unit who cares
(48:00 / All) Woah: OK BUDDY
(48:02 / Allies) dirtmcwordup: they usually late on the staff ayway
(48:06 / Allies) Mata.: yo
(48:09 / Allies) Mata.: time to buy some items on my blade
(48:11 / All) m00gulthesly: just that i have an exam in the morning
(48:12 / Allies) Mata.: anyone want ring+4
(48:20 / Allies) dirtmcwordup: fuck
(48:22 / All) m00gulthesly: and i think ur strat is a waste of time
(48:23 / Allies) dirtmcwordup: lum mill in da way
(48:33 / Allies) Mata.: selling this ring then
(48:34 / All) dirtmcwordup: gg guys
(48:37 / All) ThCemeteryGates: gg
(48:37 / All) m00gulthesly: gg
(48:38 / Allies) Mata.: actually i dont wanna i'm in high upkeep
(48:41 / Allies) Mata.: someone come pick it up please
(48:46 / Allies) Mata.: also legionhorn
(48:47 / Allies) Mata.: man
(48:48 / All) Woah: PLEASE STAY
(48:49 / Allies) Mata.: now the good items cme
(48:51 / All) Woah: I DONT HAVE AN EXAM
(48:54 / All) Woah: ill play all night
(48:58 / All) ThCemeteryGates: lol guys
(48:58 / Allies) Mata.: sell that boots
(49:00 / Allies) Mata.: and take the ring instead
(49:00 / All) ThCemeteryGates: i REALLYYYY
(49:03 / All) ThCemeteryGates: don't think u can come back
(49:06 / Allies) dirtmcwordup: ok
(49:07 / Allies) dirtmcwordup: hope i dun die
(49:12 / Allies) Mata.: yeh me to
(49:15 / Allies) dirtmcwordup: run
(49:17 / Allies) Mata.: ilence also godo
(49:26 / Allies) iggy_the_fisk: gj blade
(49:34 / Allies) iggy_the_fisk: real team effort
(49:34 / Allies) Mata.: dont get cock y
(49:37 / Allies) iggy_the_fisk: greedy
(49:40 / Allies) iggy_the_fisk: but he gets it
(49:46 / Allies) Mata.: well see that's greeding
(49:54 / Allies) iggy_the_fisk: now he pays..
(49:55 / Allies) dirtmcwordup: hush
(49:55 / Allies) Mata.: blade coming but you got no spell shammy
(50:05 / Allies) Mata.: tp wtf
(50:35 / Allies) dirtmcwordup: run
(50:36 / Allies) Mata.: anigg does what a nigg can
(50:38 / Allies) dirtmcwordup: if i have to die i die
(50:41 / Allies) dirtmcwordup: am lower than bm
(50:45 / Allies) dirtmcwordup: so good tradeoff
(50:48 / Allies) Mata.: i got tpso is no real danger
(50:52 / Allies) dirtmcwordup: this item is good tho
(50:54 / Allies) iggy_the_fisk: tp though
(50:57 / Allies) Mata.: i decided to let mk waste a bolt on my amulet tho
(50:59 / Allies) dirtmcwordup: selling boots
(51:00 / Allies) dirtmcwordup: buying tp
(51:02 / All) m00gulthesly: stop being ridiculous please
(51:05 / Allies) Mata.: make it so
(51:07 / All) dirtmcwordup: muahaha fatso
(51:09 / Allies) iggy_the_fisk: he cranking bats btw
(51:31 / Allies) dirtmcwordup: hide iar in back
(51:34 / All) iggy_the_fisk: nice tanks but.. can they fly?
(51:41 / Allies) dirtmcwordup: killing mill
(51:44 / Allies) dirtmcwordup: got gold + its in way
(52:04 / Allies) iggy_the_fisk: yeah
(52:05 / Allies) Mata.: we gonna have to deal with that island
(52:10 / Allies) Mata.: one cyclone from there
(52:12 / Allies) iggy_the_fisk: gonna suck
(52:14 / Allies) Mata.: can own this whole perch
(52:15 / Allies) dirtmcwordup: is fine
(52:25 / Allies) iggy_the_fisk: i'm going to lose my heroes so fast
(52:35 / Allies) Mata.: my blade is stron
(52:42 / Allies) dirtmcwordup: if i can get phoenix that is v. good
(52:56 / Allies) dirtmcwordup: im like 4/5 to 6
(53:11 / Allies) Mata.: where zepp
(53:34 / Allies) dirtmcwordup: Ensnare Point
(53:41 / Allies) dirtmcwordup: would be ownage
(53:45 / Allies) dirtmcwordup: if he gets killed
(53:48 / Allies) dirtmcwordup: because no room tos anre
(53:56 / Allies) Mata.: empty
(54:00 / Allies) dirtmcwordup: 260g waste
(54:04 / Allies) iggy_the_fisk: they should
(54:07 / Allies) iggy_the_fisk: sneak here
(54:12 / Allies) iggy_the_fisk: just because we can't see and it would be badass
(54:18 / Allies) Mata.: we kinda can tho
(54:21 / All) ThCemeteryGates: hahahaha
(54:28 / Allies) iggy_the_fisk: oh lookie
(54:31 / Allies) Mata.: out of range
(54:33 / All) Mata.: heh oops
(54:59 / Allies) Mata.: so they cant cyclne from shop
(55:04 / Allies) dirtmcwordup: is good
(55:10 / Allies) dirtmcwordup: got tp on blade?
(55:17 / Allies) Mata.: yeaop
(55:19 / Allies) dirtmcwordup: ok
(55:29 / Allies) dirtmcwordup: wurst come to w urst you get on island and own naga
(55:32 / Allies) dirtmcwordup: and tp if you got 2.
(55:39 / Allies) dirtmcwordup: duidnt want to open it
(55:46 / Allies) dirtmcwordup: but w/e
(55:52 / Allies) Mata.: they do have mad hero killer tho
(55:58 / All) dirtmcwordup: lmfao!
(56:05 / Allies) dirtmcwordup: hex bolt stomp
(56:09 / All) dirtmcwordup: lmfarmo
(56:20 / Allies) Mata.: and odds are my spellshammy is going to get wasted on a mana burn or something
(56:22 / Allies) iggy_the_fisk: peon looking speedy
(56:24 / Allies) dirtmcwordup: yeah
(56:31 / Allies) Mata.: gonna make some noodles for bfast i'll hear if they attack
(56:41 / All) Mata.: EHEHEHEH U GOT OWNED ;)
(56:45 / All) dirtmcwordup: lmfao
(56:59 / All) Woah: U THINK SO?
(57:02 / All) Mata.: YEA
(57:05 / All) dirtmcwordup: i know so punk
(57:08 / Allies) iggy_the_fisk: bring out zep some1
(57:12 / All) Woah: IVE HEARD THAT BEFRO
(57:18 / Allies) dirtmcwordup: bring out teh dead
(57:18 / Allies) iggy_the_fisk: coo
(57:21 / Allies) dirtmcwordup: hotkey it ok
(57:23 / Allies) iggy_the_fisk: yea
(57:46 / Allies) iggy_the_fisk: hellu
(57:48 / Allies) dirtmcwordup: would tech but 0 lumper
(57:54 / All) dirtmcwordup: lmfao nope!
(58:03 / All) dirtmcwordup: hahaha fat noob cant fit
(58:11 / All) dirtmcwordup: lose some wait fatso!!!!!!
(58:30 / Allies) iggy_the_fisk: awhups
(58:49 / All) iggy_the_fisk: owned...
(58:51 / Allies) dirtmcwordup: watch zeppo
(59:09 / Allies) Mata.: be on the ball
(59:12 / Allies) Mata.: they getting ready to land
(59:13 / Allies) dirtmcwordup: yes
(59:54 / Allies) Mata.: oh well i'd rather lose wyv than shackler
(60:00 / Allies) dirtmcwordup: gotta get blade
(60:01 / Allies) Mata.: they can cyclone from there
(60:15 / Allies) dirtmcwordup: dropping blade on isle
(60:18 / Allies) dirtmcwordup: and sending air
(60:19 / Allies) dirtmcwordup: reayd?
(60:20 / All) Woah: HAHAHAH
(60:21 / Allies) Mata.: nner fire
(60:22 / Allies) Mata.: please
(60:22 / All) Woah: I LOVE THIS
(60:27 / All) Woah: its like interesting
(60:32 / Allies) Mata.: ok
(61:05 / Allies) Mata.: damb
(61:11 / Allies) dirtmcwordup: why no tp
(61:15 / Allies) Mata.: hex?
(61:22 / Allies) dirtmcwordup: ic
(61:39 / Allies) Mata.: also the damn tornado cycloned me
(61:43 / Allies) dirtmcwordup: 'owneda
(61:54 / Allies) dirtmcwordup: want to make altar etc
(61:57 / Allies) dirtmcwordup: whats your food status at
(62:00 / Allies) Mata.: 57
(62:08 / Allies) Mata.: can bat some shit tho
(63:24 / Allies) Mata.: here comes the yc
(66:39 / Allies) Mata.: ok
(66:41 / Allies) Mata.: am in no upk now
(66:58 / Allies) dirtmcwordup: seems thats the distance
(67:05 / Allies) dirtmcwordup: right where archm is standing
(67:16 / Allies) Mata.: look at the damaged twers tho
(67:23 / Allies) dirtmcwordup: yeah it aoe
(67:27 / Allies) dirtmcwordup: holy crap
(67:28 / Allies) Mata.: insane such
(68:20 / Allies) Mata.: and another
(68:26 / Allies) dirtmcwordup: wher eit eve going.
(68:31 / Allies) Mata.: get guys on repair
(68:37 / Allies) dirtmcwordup: should be attackable
(68:38 / All) ThCemeteryGates: do u guys feel like miami
(68:53 / All) dirtmcwordup: do u guys feel like france lmfao
(68:57 / Allies) iggy_the_fisk: wtf
(68:58 / All) ThCemeteryGates: LMAO
(69:09 / Allies) iggy_the_fisk: it wasn't a trap
(69:11 / Allies) iggy_the_fisk: what was that
(69:17 / Allies) dirtmcwordup: noob getting greedy
(69:17 / All) ThCemeteryGates: says the fucking retars backed up on an island
(69:22 / All) dirtmcwordup: where your 4000 gold.
(69:26 / All) iggy_the_fisk: mmm suck a penis
(69:32 / All) ThCemeteryGates: lol
(69:40 / All) dirtmcwordup: french people surrender are u mentally attarded
(69:45 / All) ThCemeteryGates: lol
(69:49 / All) ThCemeteryGates: what ur doing is coward
(69:50 / All) ThCemeteryGates: and well
(69:52 / Allies) iggy_the_fisk: godango
(69:53 / Allies) iggy_the_fisk: misste
(69:53 / All) ThCemeteryGates: thats french
(69:58 / Allies) iggy_the_fisk: saw the zep
(69:59 / Allies) iggy_the_fisk: with 2 heroes
(70:00 / Allies) iggy_the_fisk: aww
(71:03 / Allies) iggy_the_fisk: nups getting lucky with their zep if you ask me
(71:20 / All) ThCemeteryGates: lol
(71:25 / All) ThCemeteryGates: can u walk priest
(71:28 / Allies) iggy_the_fisk: how much food is mata gonna build
(71:46 / Allies) Mata.: i'd like some gold
(71:48 / Allies) Mata.: for a blade
(72:22 / Allies) iggy_the_fisk: wee a level
(73:17 / Allies) Mata.: wth gerat
(73:26 / Allies) iggy_the_fisk: right
(73:30 / Allies) iggy_the_fisk: when he ran all his awks into tanks
(74:11 / Allies) Mata.: you down for a mass attack on that island
(74:13 / Allies) Mata.: when my blade gets out
(75:24 / Allies) Mata.: so
(75:27 / Allies) Mata.: lets land air on that island
(75:48 / Allies) Mata.: hmm hope altar no die
(75:54 / Allies) Mata.: damn
(75:55 / Allies) iggy_the_fisk: bye
(75:59 / All) ThCemeteryGates: oooo
(76:00 / All) ThCemeteryGates: too bad
(76:03 / All) Woah: lol
(76:08 / Allies) Mata.: making it here
(76:10 / Allies) iggy_the_fisk: yea
(76:10 / All) ThCemeteryGates: lmao
(76:17 / All) ThCemeteryGates: ye
(76:21 / All) ThCemeteryGates: i goign to do it slowly
(78:52 / Allies) iggy_the_fisk: items
(78:56 / Allies) iggy_the_fisk: dual orbs lmfao
(79:00 / Allies) Mata.: yeah
(79:04 / Allies) Mata.: none of them have tps but all have staves
(79:10 / Allies) iggy_the_fisk: invulns etc
(79:12 / Allies) Mata.: get ready for big attack
(79:16 / Allies) Mata.: i say focus sh first
(80:25 / Allies) Mata.: you ready?
(80:37 / Allies) iggy_the_fisk: oookay
(80:39 / Allies) Mata.: you take timgs air
(80:42 / Allies) Mata.: move everything in
(80:43 / Allies) iggy_the_fisk: wait
(80:46 / Allies) Mata.: i drop blade a few sec later
(81:20 / Allies) Mata.: blizz them
(81:23 / Allies) Mata.: then after that we go
(81:35 / Allies) Mata.: gone
(82:41 / Allies) Mata.: holy crap
(82:43 / Allies) Mata.: 40 hp
(83:08 / Allies) iggy_the_fisk: hope they liked trying to control
(83:10 / Allies) iggy_the_fisk: under that air
(83:24 / Allies) Mata.: dh lived
(83:27 / Allies) iggy_the_fisk: yea
(83:43 / Allies) iggy_the_fisk: saw sh am naga tc go down
(83:45 / Allies) iggy_the_fisk: pala
(83:45 / Allies) iggy_the_fisk: mk
(83:47 / Allies) iggy_the_fisk: on the ground
(84:49 / Allies) Mata.: that noob sh didnt even use invuln
(85:12 / Allies) Mata.: gotta get down
(86:37 / Allies) Mata.: damn i saw that naga somewhere
(86:39 / Allies) Mata.: but now i lost it
(86:40 / Allies) iggy_the_fisk: yeah
(86:44 / Allies) iggy_the_fisk: saw two pink blippers
(87:25 / Allies) Mata.: keep an eye out for her
(87:38 / Allies) Mata.: wellp found her
(88:04 / Allies) Mata.: oh nice
(88:08 / Allies) Mata.: firebird
(88:11 / Allies) iggy_the_fisk: yea
(88:33 / All) Woah: hahaha
(88:39 / Allies) Mata.: there she is dat bitch
(88:50 / Allies) iggy_the_fisk: and a noticable gap in dh inventory
(88:58 / Allies) Mata.: yes why did he sell staff
(89:24 / Allies) Mata.: sigh
(89:26 / Allies) Mata.: shit luck
(91:02 / Allies) iggy_the_fisk: they have a zep up there
(91:08 / Allies) iggy_the_fisk: outside normal camera range
(91:08 / Allies) Mata.: really?
(91:16 / Allies) iggy_the_fisk: no soory
(91:24 / Allies) iggy_the_fisk: so far up
(91:26 / Allies) Mata.: so lez kill?
(91:29 / Allies) iggy_the_fisk: yeah going
(91:36 / Allies) iggy_the_fisk: one tower game
(91:39 / Allies) iggy_the_fisk: they forgot like 6 chims
(91:42 / Allies) iggy_the_fisk: in the corner
(91:49 / Allies) iggy_the_fisk: 30 minutes in never found them
(91:59 / Allies) iggy_the_fisk: there
(92:19 / Allies) Mata.: no naga to be scene
(92:31 / Allies) iggy_the_fisk: what was pink blip in the middle
(92:33 / Allies) Mata.: there she is
(92:41 / Allies) Mata.: but blade in no state to fight her
(93:25 / Allies) Mata.: man i should be going to class
(94:30 / Allies) iggy_the_fisk: haha damn
(94:36 / Allies) Mata.: shoulda known
(94:45 / Allies) iggy_the_fisk: they'd just be sitting around ina zep
(94:54 / Allies) iggy_the_fisk: yeah
(94:54 / Allies) Mata.: selling more items
(94:55 / Allies) iggy_the_fisk: kaching
(94:57 / Allies) Mata.: for zeps?
(95:01 / Allies) iggy_the_fisk: ready for naga
(95:07 / Allies) Mata.: sure
(95:08 / Allies) Mata.: spellshamme is cold
(95:10 / Allies) Mata.: but your air would get owned
(95:23 / Allies) iggy_the_fisk: move a bit more fatso
(95:32 / Allies) iggy_the_fisk: true nerd
(96:25 / Allies) Mata.: time to check for altars
(96:47 / Allies) Mata.: lez keep dis bitch dead
(97:20 / Allies) Mata.: a lot of wisp
(97:57 / Allies) Mata.: keep an I out for fags making new altar
(98:20 / Allies) Mata.: wiggity wiggity watch it
(99:00 / All) Mata.: so how U doing :0)
(99:04 / Allies) iggy_the_fisk: selling more shit
(99:27 / Allies) iggy_the_fisk: lmao tbird
(100:00 / Allies) Mata.: scout for pink wisps
(100:03 / Allies) Mata.: i'm genocidin
(101:25 / Allies) Mata.: dont put em near my burrows
(101:40 / Allies) Mata.: kill dh
(101:57 / Allies) iggy_the_fisk: proc
(102:00 / Allies) iggy_the_fisk: and now
(102:04 / Allies) Mata.: gay
(102:14 / Allies) iggy_the_fisk: lmfao
(102:18 / All) Mata.: lol!
(102:54 / All) Mata.: yea bros u can win
(103:00 / All) iggy_the_fisk: Just stop to staff for no reason
(103:02 / All) iggy_the_fisk: Lose ur shit
(103:26 / Allies) iggy_the_fisk: hex noob
(103:29 / Allies) Mata.: thank god
(103:30 / Allies) Mata.: he did
(103:33 / Allies) Mata.: but spellshammy
(103:36 / Allies) iggy_the_fisk: oh
(103:39 / Allies) iggy_the_fisk: phewers
(103:51 / Allies) Mata.: just got cold too
(104:21 / Allies) Mata.: kill everything that pink owns
(104:26 / Allies) Mata.: my blade coming back in a sec
(104:31 / Allies) Mata.: lets get that sh
(104:52 / Allies) Mata.: hide air
(104:54 / Allies) Mata.: blade can draw out
(104:55 / Allies) Mata.: or vice versa
(105:21 / Allies) Mata.: hmmm
(105:31 / Allies) Mata.: nah
(105:33 / Allies) Mata.: what we gotta do
(105:33 / Allies) Mata.: is
(105:39 / Allies) Mata.: not greed
(105:40 / Allies) Mata.: first of all
(106:04 / Allies) Mata.: have my blade lure heroes out so they dont bother bringing tank
(106:07 / Allies) Mata.: then clown on em
(106:56 / Allies) Mata.: yeah christ
(106:59 / All) ThCemeteryGates: bahh hahah
(107:00 / Allies) Mata.: such stun
(107:05 / Allies) Mata.: ressing again
(107:10 / Allies) iggy_the_fisk: ayup
(108:14 / Allies) Mata.: close to dead hawk there
(108:59 / Allies) Mata.: da king is back
(109:12 / Allies) Mata.: lets kill a few more heroes then i go to class
(110:24 / All) Mata.: guezz whoze back
(110:28 / All) Mata.: (its daisho()
(110:37 / All) ThCemeteryGates: haha
(110:42 / Allies) Mata.: here is sh
(110:44 / Allies) Mata.: lez go for him?
(110:46 / All) ThCemeteryGates: how do u even have a altar u little fucking worm
(110:47 / Allies) iggy_the_fisk: wells
(110:52 / Allies) Mata.: dont even care
(110:56 / Allies) iggy_the_fisk: ready
(111:47 / All) Mata.: GG :-D
(111:58 / All) m00gulthesly: shit gg
(112:10 / All) Mata.: YEA ;-) your noob :D
(114:09 / Allies) Mata.: i must hunt again..
(114:23 / Allies) iggy_the_fisk: other 4 heroes jus chillin
(114:24 / Allies) Mata.: this time its time to get serious
(114:28 / Allies) iggy_the_fisk: oh
(114:39 / Allies) Mata.: lets do it
(114:40 / Allies) iggy_the_fisk: am or mk easiest
(114:46 / Allies) Mata.: pala mb
(115:01 / Allies) Mata.: gonna draw em here
(115:12 / Allies) Mata.: i'll set da hounds on em
(115:21 / Allies) Mata.: looks like they're in final phase
(117:03 / Allies) Mata.: not sure if they'll tp in to defend anymore
(117:08 / Allies) iggy_the_fisk: with what
(117:18 / Allies) Mata.: if they stop tping we can't kill their heroes easily
(117:19 / Allies) Mata.: but it also means they've given up
(117:22 / Allies) Mata.: which means i can go to class
(117:42 / Allies) Mata.: which i'm doing
(117:44 / Allies) Mata.: you can go afk if you want
(117:47 / Allies) iggy_the_fisk: yea
(117:49 / Allies) Mata.: otherwise use blace
(117:51 / Allies) Mata.: blade
(117:57 / Allies) Mata.: check every once ina while
(118:00 / Allies) iggy_the_fisk: nah let's go for time
(118:02 / Allies) Mata.: to see if they're ressing
(118:14 / Allies) iggy_the_fisk: woah
(118:16 / Allies) Mata.: i put timg worker on autorepair
(118:18 / Allies) Mata.: have em fix up the perch
(118:18 / Allies) iggy_the_fisk: phantomchop
(118:28 / Allies) iggy_the_fisk: lum me
(118:29 / Allies) iggy_the_fisk: for rep
(118:40 / Allies) Mata.: have timgs guys do it tho
(118:43 / Allies) Mata.: we cant get to those resoruces anyway
(119:11 / Allies) Mata.: aight pease
(119:15 / Allies) iggy_the_fisk: is he trying to pillage
(119:25 / Allies) Mata.: haha i bet
(119:29 / Allies) Mata.: too bad you cant pilage allies?
(119:40 / Allies) iggy_the_fisk: if only they got sh back
(119:45 / Allies) iggy_the_fisk: would be ez win
(119:58 / Allies) Mata.: they have no items
(119:59 / Allies) Mata.: so
(120:00 / Allies) Mata.: we good
(120:02 / Allies) iggy_the_fisk: well let's see how long they can go
(120:06 / Allies) iggy_the_fisk: lateroo
(130:27 / All) iggy_the_fisk: damn...
(170:53 / All) iggy_the_fisk: sup
(171:06 / All) m00gulthesly: haha
(214:55 / Allies) iggy_the_fisk: hi game maybe i'll see you in a few hrs
(215:25 / Allies) iggy_the_fisk: they been trying to pillage of your altar btw, might not have enough gold to make more peons now
(345:56 / Allies) Mata.: haha
(346:13 / All) Mata.: yo whatup
(463:53 / All) m00gulthesly: hi, good morning
(463:59 / All) m00gulthesly: exam time -_-
(698:41 / Allies) iggy_the_fisk: they have pillaged!
(714:20 / All) m00gulthesly: omg
(714:42 / All) m00gulthesly: im leaving this one to cemetery gates
(715:01 / All) iggy_the_fisk: Plz leave noobs
(715:07 / All) iggy_the_fisk: wastingm y time
(715:28 / All) m00gulthesly: y u play with a strat like that if ur worried about time wasting?
(715:37 / All) iggy_the_fisk: Not my fault fking noobs won't leave
(715:54 / All) m00gulthesly: well i'm leaving
(716:07 / All) m00gulthesly: talk to cemetery gates when he wakes up
(716:13 / All) m00gulthesly: il give him a call now
(716:23 / All) iggy_the_fisk: lmfao
(721:06 / All) iggy_the_fisk: faggot wake up n quit you lost
(721:16 / All) iggy_the_fisk: we beat your noobasses so leave so we don't disc and lose
(721:32 / All) iggy_the_fisk: i fking always disc at midnight but we won this so leave noob